IL
PAWTUCKET RED SOX @ BUFFALO BISONS
08/31/2099
 
TOP OF THE 1ST
Pawtucket Red Sox batting - Pitching for Buffalo Bisons : RHP Kevin Qualls
Pitching: RHP Kevin Qualls
Batting: LHB Bob Stuhr 0-0: SINGLE (Line Drive, 7S, EV 97.5 MPH)
Batting: LHB Drew Micheletti 0-0: Called Strike
0-1: Called Strike
0-2: Strikes out swinging
Batting: RHB Zane Wilder 0-0: Fly out, F8 (Flyball, 8LM, EV 86.9 MPH)
Batting: SHB Nick Barrera 0-0: Ball
1-0: Ball
2-0: Foul Ball, location: 2F
2-1: Fly out, F5 (Line Drive, 5L, EV 61.9 MPH)
Top of the 1st over - 0 runs, 1 hit, 0 errors, 1 left on base; Pawtucket 0 - Buffalo 0
BOTTOM OF THE 1ST
Buffalo Bisons batting - Pitching for Pawtucket Red Sox : RHP Jay Johnson
Pitching: RHP Jay Johnson
Batting: RHB Alden Young 0-0: Ball
1-0: Called Strike
1-1: Called Strike
1-2: Strikes out swinging
Batting: LHB Matt Formosa 0-0: Ball
1-0: Called Strike
1-1: Ball
2-1: Ball
3-1: Base on Balls
Batting: RHB Ricky Ulloa 0-0: Ball
1-0: Ball
2-0: Fly out, F7 (Flyball, 7, EV 96.9 MPH)
Batting: LHB Kevin Winter 0-0: Called Strike
0-1: Called Strike
0-2: Strikes out swinging
Bottom of the 1st over - 0 runs, 0 hits, 0 errors, 1 left on base; Pawtucket 0 - Buffalo 0
TOP OF THE 2ND
Pawtucket Red Sox batting - Pitching for Buffalo Bisons : RHP Kevin Qualls
Batting: RHB Dan Ware 0-0: Called Strike
0-1: Foul Ball, location: 2F
0-2: Strikes out looking
Batting: LHB James Borst 0-0: Ball
1-0: Ball
2-0: Called Strike
2-1: Ball
3-1: Ground out 5-3 (Groundball, 15, EV 80.6 MPH)
Batting: RHB Ryan Rynard 0-0: Foul Ball, location: 9LSF
0-1: Ball
1-1: Ball
2-1: Ball
3-1: Foul Ball, location: 25FF
3-2: Base on Balls
Batting: RHB Nate Campbell 0-0: Ball
1-0: Called Strike
1-1: Called Strike
Ryan Rynard steals 2nd base
1-2: Ground out 5-3 (Groundball, 56, EV 103.1 MPH)
Top of the 2nd over - 0 runs, 0 hits, 0 errors, 1 left on base; Pawtucket 0 - Buffalo 0
BOTTOM OF THE 2ND
Buffalo Bisons batting - Pitching for Pawtucket Red Sox : RHP Jay Johnson
Batting: RHB Joe Everson 0-0: Called Strike
0-1: Ball
1-1: Ball
2-1: Foul Ball, location: 25FF
2-2: Ball
3-2: Foul Ball, location: 2F
3-2: Foul Ball, location: 5FF
3-2: Ground out 5-3 (Groundball, 56, EV 86.9 MPH)
Batting: LHB Brian Burton 0-0: Called Strike
0-1: Ground out 1-3 (Groundball, 15S, EV 65.6 MPH)
Batting: RHB Nate Maine 0-0: Ball
1-0: Foul Ball, location: 2F
1-1: Ball
2-1: Called Strike
2-2: Strikes out looking
Bottom of the 2nd over - 0 runs, 0 hits, 0 errors, 0 left on base; Pawtucket 0 - Buffalo 0
TOP OF THE 3RD
Pawtucket Red Sox batting - Pitching for Buffalo Bisons : RHP Kevin Qualls
Batting: RHB Cortez Peguero 0-0: Ground out 1-3 (Groundball, 13S, EV 65.6 MPH)
Batting: LHB Bob Stuhr 0-0: Foul Ball, location: 2F
0-1: Fly out, F8 (Flyball, 8RM, EV 96.9 MPH)
Batting: LHB Drew Micheletti 0-0: Ball
1-0: Foul Ball, location: 2F
1-1: Ball
2-1: Ball
3-1: Swinging Strike
3-2: Strikes out swinging
Top of the 3rd over - 0 runs, 0 hits, 0 errors, 0 left on base; Pawtucket 0 - Buffalo 0
BOTTOM OF THE 3RD
Buffalo Bisons batting - Pitching for Pawtucket Red Sox : RHP Jay Johnson
Batting: LHB Dave Tolbert 0-0: Ball
1-0: Ground out 4-3 (Groundball, 4, EV 87.5 MPH)
Batting: RHB Franklin Padilla 0-0: Ball
1-0: Fly out, F9 (Flyball, 9, EV 91.3 MPH)
Batting: RHB Alden Young 0-0: Called Strike
0-1: Ball
1-1: Foul Ball, location: 9LSF
1-2: Strikes out swinging
Bottom of the 3rd over - 0 runs, 0 hits, 0 errors, 0 left on base; Pawtucket 0 - Buffalo 0
TOP OF THE 4TH
Pawtucket Red Sox batting - Pitching for Buffalo Bisons : RHP Kevin Qualls
Batting: RHB Zane Wilder 0-0: Called Strike
0-1: Ball
1-1: Swinging Strike
1-2: Fly out, F8 (Flyball, 8LM, EV 89.4 MPH)
Batting: SHB Nick Barrera 0-0: Swinging Strike
0-1: Ball
1-1: Ball
2-1: Ball
3-1: Ground out 5-3 (Groundball, 56, EV 92.5 MPH)
Batting: RHB Dan Ware 0-0: Ball
1-0: Foul Ball, location: 2F
1-1: Foul Ball, location: 9LSF
1-2: Ground out 6-3 (Groundball, 6, EV 83.8 MPH)
Top of the 4th over - 0 runs, 0 hits, 0 errors, 0 left on base; Pawtucket 0 - Buffalo 0
BOTTOM OF THE 4TH
Buffalo Bisons batting - Pitching for Pawtucket Red Sox : RHP Jay Johnson
Batting: LHB Matt Formosa 0-0: Called Strike
0-1: Ball
1-1: Ball
2-1: Foul Ball, location: 2F
2-2: Ball
3-2: SINGLE (Groundball, 4MD, EV 96.9 MPH)
Batting: RHB Ricky Ulloa 0-0: Ball
1-0: Called Strike
1-1: Ball
2-1: Called Strike
2-2: Strikes out swinging
Batting: LHB Kevin Winter 0-0: Ball
Wild Pitch!
Matt Formosa to second
1-0: Ball
2-0: Called Strike
2-1: SINGLE (Line Drive, 89S, EV 105.6 MPH)
Matt Formosa to third
Batting: RHB Joe Everson 0-0: Fly out, F5 (Popup, 56S, EV 81.3 MPH)
Batting: LHB Brian Burton 0-0: Ball
Kevin Winter steals 2nd base
1-0: SINGLE (Line Drive, 8LS, EV 100.6 MPH)
Matt Formosa scores
Kevin Winter to third
Runner from 3rd tries for Home, SAFE, throw by CF to home
Brian Burton to second
Batting: RHB Nate Maine 0-0: Ball
1-0: Foul Ball, location: 2F
1-1: Foul Ball, location: 3F
1-2: Strikes out swinging
Bottom of the 4th over - 2 runs, 3 hits, 0 errors, 1 left on base; Pawtucket 0 - Buffalo 2
TOP OF THE 5TH
Pawtucket Red Sox batting - Pitching for Buffalo Bisons : RHP Kevin Qualls
Batting: LHB James Borst 0-0: Ball
1-0: Ball
2-0: Fly out, F8 (Flyball, 8LM, EV 81.9 MPH)
Batting: RHB Ryan Rynard 0-0: Called Strike
0-1: Foul Ball, location: 3F
0-2: SINGLE (Line Drive, 56D, EV 98.8 MPH)
Batting: RHB Nate Campbell 0-0: SINGLE (Line Drive, 8RS, EV 96.9 MPH)
Ryan Rynard to second
Runner from 2nd tries for 3rd, SAFE, throw by CF made to third
Batting: RHB Cortez Peguero 0-0: Fly out, F8 (Flyball, 8RD, EV 92.5 MPH)
Runner from 3rd tags up, SCORES, throw by CF
Batting: LHB Bob Stuhr 0-0: Swinging Strike
0-1: Ball
1-1: Fielders Choice at 2nd, U6 (Groundball, 6M, EV 87.5 MPH)
Top of the 5th over - 1 run, 2 hits, 0 errors, 1 left on base; Pawtucket 1 - Buffalo 2
BOTTOM OF THE 5TH
Buffalo Bisons batting - Pitching for Pawtucket Red Sox : RHP Jay Johnson
Batting: LHB Dave Tolbert 0-0: Ball
1-0: Foul Ball, location: 9LMF
1-1: Ball
2-1: Foul Ball, location: 9LDF
2-2: Foul Ball, location: 2F
2-2: Ball
3-2: Fly out, F7 (Flyball, 7S, EV 91.3 MPH)
Batting: RHB Franklin Padilla 0-0: Ball
1-0: Swinging Strike
1-1: Swinging Strike
1-2: Strikes out looking
Batting: RHB Alden Young 0-0: Called Strike
0-1: Ground out 6-3 (Groundball, 6, EV 101.9 MPH)
Bottom of the 5th over - 0 runs, 0 hits, 0 errors, 0 left on base; Pawtucket 1 - Buffalo 2
TOP OF THE 6TH
Pawtucket Red Sox batting - Pitching for Buffalo Bisons : RHP Kevin Qualls
Batting: LHB Drew Micheletti 0-0: Ball
1-0: Foul Ball, location: 2F
1-1: Ball
2-1: Foul Ball, location: 25FF
2-2: Ball
3-2: Strikes out swinging
Batting: RHB Zane Wilder 0-0: Ball
1-0: Foul Ball, location: 9LMF
1-1: Ball
2-1: Foul Ball, location: 25F
2-2: Ball
3-2: Fly out, F9 (Flyball, 89M, EV 93.1 MPH)
Batting: SHB Nick Barrera 0-0: Ball
1-0: Swinging Strike
1-1: Fly out, F8 (Line Drive, 8RD, EV 98.8 MPH)
Top of the 6th over - 0 runs, 0 hits, 0 errors, 0 left on base; Pawtucket 1 - Buffalo 2
BOTTOM OF THE 6TH
Buffalo Bisons batting - Pitching for Pawtucket Red Sox : RHP Jay Johnson
Batting: LHB Matt Formosa 0-0: Ball
1-0: Ball
2-0: Called Strike
2-1: Called Strike
2-2: Ball
3-2: Base on Balls
Batting: RHB Ricky Ulloa 0-0: Called Strike
0-1: Ball
1-1: SINGLE (Flyball, 89S, EV 93.8 MPH)
Matt Formosa to second
Batting: LHB Kevin Winter 0-0: Ball
1-0: Ball
2-0: Ball
3-0: Base on Balls
Matt Formosa to third
Ricky Ulloa to second
Batting: RHB Joe Everson 0-0: Ball
1-0: Ball
2-0: Ball
3-0: Base on Balls
Matt Formosa scores
Ricky Ulloa to third
Kevin Winter to second
Batting: LHB Brian Burton 0-0: GRAND SLAM HOME RUN (Flyball, 8LXD, EV 108.1 MPH), Distance : 412 ft
Pitching: RHP Tristan Bevan
Batting: RHB Nate Maine 0-0: Ball
1-0: Ground out 6-3 (Groundball, 6, EV 88.8 MPH)
Batting: LHB Dave Tolbert 0-0: Called Strike
0-1: Foul Ball, location: 3FF
0-2: Foul Ball, location: 9LDF
0-2: Ball
1-2: Foul Ball, location: 2F
1-2: Ball
2-2: Strikes out swinging
Batting: RHB Franklin Padilla 0-0: Called Strike
0-1: Ball
1-1: Ball
2-1: Ball
3-1: Swinging Strike
3-2: Foul Ball, location: 2F
3-2: SINGLE (Groundball, 6MD, EV 96.3 MPH)
Batting: RHB Alden Young 0-0: Ball
1-0: Foul Ball, location: 25F
1-1: Swinging Strike
1-2: Ball
2-2: Foul Ball, location: 23F
2-2: Ball
3-2: Base on Balls
Franklin Padilla to second
Batting: LHB Matt Formosa 0-0: Ball
1-0: Swinging Strike
1-1: Ball
2-1: Ball
3-1: Called Strike
3-2: Foul Ball, location: 2F
3-2: Base on Balls
Franklin Padilla to third
Alden Young to second
Batting: RHB Ricky Ulloa 0-0: Ball
1-0: Foul Ball, location: 3FF
1-1: Ball
2-1: Fly out, F5 (Line Drive, 56, EV 67.5 MPH)
Bottom of the 6th over - 5 runs, 3 hits, 0 errors, 3 left on base; Pawtucket 1 - Buffalo 7
TOP OF THE 7TH
Pawtucket Red Sox batting - Pitching for Buffalo Bisons : RHP Kevin Qualls
Batting: RHB Dan Ware 0-0: Foul Ball, location: 5F
0-1: Called Strike
0-2: Ball
1-2: Ball
2-2: Strikes out swinging
Batting: LHB James Borst 0-0: Called Strike
0-1: Foul Ball, location: 3SF
0-2: Foul Ball, location: 2F
0-2: Ball
1-2: Foul Ball, location: 7LSF
1-2: Ball
2-2: Foul Ball, location: 9LSF
2-2: Ball
3-2: Ground out U3 (Groundball, 3S, EV 68.1 MPH)
Batting: RHB Ryan Rynard 0-0: SINGLE (Line Drive, 56D, EV 96.9 MPH)
Pitching: RHP Rich Rowley
Batting: RHB Nate Campbell 0-0: Foul Ball, location: 9LSFF
0-1: Ball
1-1: Swinging Strike
1-2: Foul Ball, location: 5F
1-2: Ball
2-2: Strikes out looking
Top of the 7th over - 0 runs, 1 hit, 0 errors, 1 left on base; Pawtucket 1 - Buffalo 7
BOTTOM OF THE 7TH
Buffalo Bisons batting - Pitching for Pawtucket Red Sox : RHP Tristan Bevan
Batting: LHB Kevin Winter 0-0: Ball
1-0: Called Strike
1-1: Called Strike
1-2: Ball
2-2: Ground out 3-1 (Groundball, 34S, EV 83.1 MPH)
Batting: RHB Joe Everson 0-0: Ball
1-0: Foul Ball, location: 9LMF
1-1: Foul Ball, location: 2F
1-2: Foul Ball, location: 5F
1-2: Ball
2-2: Foul Ball, location: 9LSFF
2-2: Ball
3-2: DOUBLE (Line Drive, 78D, EV 102.5 MPH)
Batting: LHB Brian Burton 0-0: Ball
1-0: Called Strike
1-1: Ground out 1-3 (Groundball, 34S, EV 63.8 MPH)
Batting: RHB Nate Maine 0-0: Ball
1-0: SINGLE (Line Drive, 4D, EV 103.1 MPH)
Joe Everson to third
Runner from 3rd tries for Home, SAFE, throw by CF to home
Nate Maine to second
Batting: LHB Dave Tolbert 0-0: Ball
1-0: Ball
2-0: Called Strike
2-1: Foul Ball, location: 2F
2-2: Foul Ball, location: 7LDF
2-2: Foul Ball, location: 2F
2-2: Fly out, F9 (Flyball, 89M, EV 89.4 MPH)
Bottom of the 7th over - 1 run, 2 hits, 0 errors, 1 left on base; Pawtucket 1 - Buffalo 8
TOP OF THE 8TH
Pawtucket Red Sox batting - Pitching for Buffalo Bisons : RHP Rich Rowley
Batting: RHB Cortez Peguero 0-0: Ball
1-0: Ball
2-0: Ground out 3-1 (Groundball, 34, EV 79.4 MPH)
Batting: LHB Bob Stuhr 0-0: Ball
1-0: Called Strike
1-1: Ball
2-1: Ball
3-1: Base on Balls
Pinch Hitting: RHB Nate Anglin 0-0: Fly out, F9 (Flyball, 9D, EV 110.0 MPH)
Batting: RHB Zane Wilder 0-0: Called Strike
0-1: Ball
1-1: Fly out, F7 (Flyball, 7D, EV 91.9 MPH)
Top of the 8th over - 0 runs, 0 hits, 0 errors, 1 left on base; Pawtucket 1 - Buffalo 8
BOTTOM OF THE 8TH
Buffalo Bisons batting - Pitching for Pawtucket Red Sox : RHP Tristan Bevan
Now in CF: Nate Anglin
Batting: RHB Franklin Padilla 0-0: Called Strike
0-1: Swinging Strike
0-2: Ball
1-2: Fly out, F7 (Flyball, 7D, EV 110.6 MPH)
Batting: RHB Alden Young 0-0: Ball
1-0: Fly out, F8 (Flyball, 8RD, EV 99.4 MPH)
Batting: LHB Matt Formosa 0-0: Ball
1-0: Ground out 5-3 (Groundball, 56, EV 87.5 MPH)
Bottom of the 8th over - 0 runs, 0 hits, 0 errors, 0 left on base; Pawtucket 1 - Buffalo 8
TOP OF THE 9TH
Pawtucket Red Sox batting - Pitching for Buffalo Bisons : RHP Rich Rowley
Batting: SHB Nick Barrera 0-0: Called Strike
0-1: SINGLE (Groundball, P, EV 87.5 MPH) (infield hit)
Batting: RHB Dan Ware 0-0: Ball
1-0: Ball
2-0: Foul Ball, location: 5F
2-1: Swinging Strike
2-2: Strikes out swinging
Batting: LHB James Borst 0-0: Called Strike
0-1: Swinging Strike
0-2: Strikes out looking
Batting: RHB Ryan Rynard 0-0: Ground out U3 (Groundball, 3S, EV 64.4 MPH)
Top of the 9th over - 0 runs, 1 hit, 0 errors, 1 left on base; Pawtucket 1 - Buffalo 8
Wednesday, May 15th , 2024 - OOTP Baseball 24.11 Build 85